 Dungeon Crawl Stone Soup version 0.18.1-6-gd335043 (webtiles) character file.

71932 Quirk the Blocker (level 14, -4/103 HPs)
             Began as a Minotaur Fighter on May 16, 2016.
             Was the Champion of Okawaru.
             Slain by a spatial maelstrom (21 damage)
             ... on level 4 of the Abyss on May 17, 2016.
             The game lasted 01:22:50 (20123 turns).

Quirk the Blocker (Minotaur Fighter)               Turns: 20123, Time: 01:22:52

Health: -4/103     AC: 26    Str: 31      XL:     14   Next: 99%
Magic:  18/18      EV: 15    Int:  1      God:    Okawaru [******]
Gold:   1392       SH: 15    Dex: 15 (16) Spells: 0 memorised, 13 levels left

rFire  . . .     SeeInvis +     B - +4 flail (protect)
rCold  . . .     Gourm    .     P - +0 plate armour of Intuition {rN+ MR- Str+4}
rNeg   + + .     Faith    .     b - +0 shield {reflect}
rPois  +         Spirit   .     (helmet unavailable)
rElec  .         Dismiss  .     Q - +0 cloak
rCorr  .         Reflect  +     T - +1 pair of gloves
SustAt .         Harm     .     u - +0 pair of boots of Refuge {rC+ MR- Str+3}
MR     .....     Rnd*Rage +     e - amulet of regeneration
Stlth  ..........               O - ring of Xilyas {rC- rN+ Dex+6}
                                s - ring of Jablaoly {rPois SInv}

@: about to teleport, non-regenerating, diseased, not resistant to hostile
enchantments, extremely unstealthy
A: retaliatory headbutt, fangs 1, horns 3, berserk 2, dopey 2, frail 2, weak 1,
MP-powered wands
a: Heroism, Finesse, Renounce Religion


You were on level 4 of the Abyss.
You worshipped Okawaru.
Okawaru was exalted by your worship.
You were not hungry.

You visited 4 branches of the dungeon, and saw 18 of its levels.
You visited the Abyss 1 time.
You also visited: Labyrinth.

You collected 1922 gold pieces.
You spent 530 gold pieces at shops.

Inventory:

Hand Weapons
 B - a +4 flail of protection (weapon)
 J - a +3 hand axe of draining
 K - the +4 great sword of Fee Simple {slice, MR+ Str+4}
   (You found it on level 12 of the Dungeon)

   It inflicts extra damage upon your enemies.
   It affects your strength (+4).
   It affects your resistance to hostile enchantments.
 R - the +3 battleaxe of Hiutroecu {chop, rN++}
   (Okawaru gifted it to you on level 10 of the Dungeon)

   It inflicts extra damage upon your enemies.
   It greatly protects you from negative energy.
Missiles
 z - 6 javelins of penetration (quivered)
Armour
 b - a +0 shield of reflection (worn)
 t - the +4 chain mail "Xetymoch" {rCorr Str+2}
   (Okawaru gifted it to you on level 2 of the Abyss)

   It affects your strength (+2).
   It protects you from acid and corrosion.
 u - the +0 pair of boots of Refuge (worn) {rC+ MR- Str+3}
   (You found it on level 11 of the Dungeon)

   It affects your strength (+3).
   It protects you from cold.
   It affects your resistance to hostile enchantments.
 P - the +0 plate armour of Intuition (worn) {rN+ MR- Str+4}
   (Okawaru gifted it to you on level 15 of the Dungeon)

   It affects your strength (+4).
   It protects you from negative energy.
   It affects your resistance to hostile enchantments.
 Q - a +0 cloak (worn)
 T - a +1 pair of gloves (worn)
Rods
 a - a +6 lightning rod (12/12)
   (You took it off a minotaur in a labyrinth)
Jewellery
 e - an amulet of regeneration (around neck)
 s - the ring of Jablaoly (left hand) {rPois SInv}
   (You found it in a labyrinth)

   [ring of see invisible]

   It protects you from poison.
   It lets you see invisible.
 A - an uncursed ring of resist corrosion
 H - a +3 ring of dexterity
 O - the ring of Xilyas (right hand) {rC- rN+ Dex+6}
   (You took it off a gnoll on level 9 of the Dungeon)

   [ring of positive energy]

   It affects your dexterity (+6).
   It makes you vulnerable to cold.
   It protects you from negative energy.
 V - an uncursed ring of sustain attributes
Wands
 g - a wand of paralysis (11/24)
 x - a wand of iceblast (6/15)
 D - a wand of teleportation (0/9)
 S - a wand of digging (24/24)
 W - a wand of iceblast (6/15)
Scrolls
 h - 5 scrolls of teleportation
 l - a scroll of identify
 p - 4 scrolls of fog
 r - a scroll of fear
 y - a scroll of enchant armour
 C - a scroll of recharging
 G - 4 scrolls of enchant weapon
 X - 2 scrolls of blinking
 Y - 6 scrolls of remove curse
Potions
 c - a potion of brilliance
 d - 3 potions of might
 i - 8 potions of curing
 n - 2 potions of ambrosia
 o - 4 potions of flight
 q - 2 potions of resistance
 v - 4 potions of agility
 E - 6 potions of haste
 F - a potion of cancellation
 I - 2 potions of lignification
Miscellaneous
 k - a disc of storms
 w - a plain deck of summoning {the Pentagram}
 N - a stone of tremors
 U - a stone of tremors
 Z - a fan of gales
Comestibles
 f - 16 bread rations
 j - 2 meat rations
 L - 8 beef jerkies


   Skills:
 + Level 13.2 Fighting
 + Level 13.6 Axes
 + Level 13.2 Armour
 + Level 12.5 Dodging
 - Level 1.2 Stealth
 + Level 14.8 Shields
 + Level 7.5 Evocations


You had 13 spell levels left.
You didn't know any spells.

Dungeon Overview and Level Annotations

Branches:
Dungeon (15/15)            Temple (1/1) D:6            Lair (1/8) D:10
    Orc (1/2) D:12         Vaults (0/5) D:13         Depths (0/5) D:15

Altars:
Ashenzari
Cheibriados
Dithmenos
Elyvilon
Fedhas
Gozag
Kikubaaqudgha
Makhleb
Nemelex Xobeh
Okawaru
Pakellas
Qazlal
Ru
Sif Muna
Trog
Vehumet
Xom
Yredelemnul
Zin
The Shining One

Shops:
D:8 *   D:12 }   D:13 !(   D:15 ?!

Annotations:
D:8 exclusion: oklob plant
Lair:1 Urug


Innate Abilities, Weirdness & Mutations

You reflexively headbutt those who attack you in melee.
You have a pair of large horns on your head.
You have very sharp teeth.
You are weak. (Str -2)
You expend magic power (3 MP) to strengthen your wands.
[You often lose your temper in combat.]
[You are very dopey. (Int -4)]
[You are very frail (-20% HP).]


Message History

As you read the scroll of teleportation, it crumbles to dust.
You feel strangely unstable.
You feel the power of the Abyss delaying your translocation!
You are engulfed in a cloud of scalding steam.
The spatial maelstrom closely misses you.
You block the spatial maelstrom's attack.
You feel ill.
A spatial vortex comes into view.
The spatial maelstrom hits you but does no damage.
You block the spatial maelstrom's attack.
You block the earth elemental's attack.
A spatial vortex comes into view.
Unknown command.
You hit the earth elemental but do no damage.
The earth elemental is severely damaged.
You block the spatial maelstrom's attack. x3
The spatial maelstrom hits you!
* * * LOW HITPOINT WARNING * * *
Space warps horribly around you!
You die...

... ....#....... . ..
#..##..# ..#..v #..
..##..##..##......vv
....v...... ....... ..
..........#... ..# .#
#..##.x##. ##..##v.#
..##.v##.v##..##.... .
......vE.§.3§..........
......v@v......§..## .#
..##..##..##..##..##.
#. .#..#...#.... . .
.... .E... ......... ..
..#.......##.. # . .. .
#..##..##..# . # #
#§#..#.#..####.# ...
.#.. .##.


You could see 2 spatial maelstroms, 3 spatial vortices, an ancient zyme, 2 earth
elementals and a smoke demon.

Vanquished Creatures
  A tentacled starspawn (Abyss:2)
  Kirke (D:15)
  Donald (D:13)
  Nessos (D:11)
  A minotaur (Lab)
  4 vault guards
  2 great orbs of eyes
  A yaktaur captain (D:15)
  A rakshasa (Abyss:4)
  4 hydras
  Erica (D:8)
  A death knight (D:15)
  A deep troll earth mage (D:14)
  2 tengu warriors
  A centaur warrior (D:15)
  A shock serpent (shapeshifter) (D:13)
  A sun demon (Abyss:4)
  7 thrashing horrors
  2 wretched stars
  A skeletal warrior (D:13)
  5 unseen horrors
  A giant orange brain (Abyss:4)
  6 hill giants
  Pikel (D:7)
  3 orc knights
  A wolf spider zombie (Abyss:2)
  A wizard (D:15)
  2 griffons
  2 deep elf magi
  5 ugly things
  A manticore (D:12)
  4 cyclopes
  A rust devil (Abyss:2)
  5 centaur zombies
  2 gargoyles
  A water nymph (Abyss:4)
  An apocalypse crab (Abyss:2)
  A spiny frog (Lair:1)
  4 kobold demonologists
  A komodo dragon (D:15)
  An ancient zyme (Abyss:4)
  3 trolls
  A tengu conjurer (D:14)
  2 two-headed ogres
  Grinder (D:5)
  4 raiju
  16 slime creatures
  A hornet zombie (D:15)
  A spriggan (shapeshifter) (D:15)
  A shadow (D:14)
  A wraith (D:12)
  2 water elementals
  Eustachio (D:5)
  14 yaks
  3 wyverns
  6 large abominations
  4 hogs
  16 humans (D:13)
  2 neqoxecs
  9 hippogriffs
  A hungry ghost (D:8)
  2 fire bats (Abyss:4)
  A vampire mosquito (D:15)
  A chaos spawn (Abyss:4)
  2 basilisks
  A warg (shapeshifter) (D:14)
  A warg (D:15)
  5 insubstantial wisps (Abyss:2)
  2 mottled dragons
  Edmund (D:5)
  The ghost of dracos369 the Gusty, an amateur HEAE of Ashenzari (D:5)
  A soldier ant (D:14)
  2 giant eyeballs (D:15)
  A water moccasin (Lair:1)
  6 small abominations
  7 ice beasts
  2 slaves (D:7)
  A wasp (D:15)
  9 orc warriors
  4 sky beasts
  5 phantoms
  3 black bears
  A necrophage (D:7)
  3 wolves (Lair:1)
  6 ogres
  7 centaurs
  2 crocodiles
  6 big kobolds
  A wyvern zombie (D:11)
  15 giant frogs
  3 scorpions
  2 wyvern skeletons
  5 wights (D:9)
  8 howler monkeys
  4 crimson imps
  3 jellies
  2 starcursed masses (Abyss:2)
  2 hounds (D:5)
  3 quasits
  4 centaur skeletons
  2 giant frog skeletons
  7 orc wizards
  A gnoll shaman (D:10)
  8 orc priests
  4 iguanas
  8 worker ants
  2 sheep (D:15)
  3 hound skeletons
  A howler monkey skeleton (D:10)
  13 adders
  10 gnolls
  6 shadow imps
  6 oozes
  An adder skeleton (D:5)
  3 worms
  2 dart slugs (D:2)
  4 giant geckos
  45 orcs
  A ball python (D:3)
  8 bats
  5 giant cockroaches
  8 goblins
  8 hobgoblins
  10 jackals
  25 kobolds
  6 quokkas
  4 giant newts
  2 gnoll zombies (D:4)
  A jackal skeleton (D:7)
  5 rats
  A starspawn tentacle (Abyss:2)
518 creatures vanquished.

Vanquished Creatures (collateral kills)
  A worker ant (D:8)
1 creature vanquished.

Vanquished Creatures (others)
  A centaur warrior (D:15)
  A shadow (Abyss:2)
  A slave (D:8)
  A small abomination (Abyss:2)
  An orc (D:11)
  A kobold (D:3)
  A rat (D:3)
  2 plants (D:11)
  11 starspawn tentacles
  170 starspawn tentacle segments
190 creatures vanquished.

Grand Total: 709 creatures vanquished

Notes
Turn   | Place    | Note
--------------------------------------------------------------
     0 | D:1      | Quirk the Minotaur Fighter began the quest for the Orb.
     0 | D:1      | Reached XP level 1. HP: 19/19 MP: 0/0
   224 | D:1      | Reached XP level 2. HP: 26/27 MP: 1/1
   293 | D:1      | Reached skill level 4 in Shields
   476 | D:1      | Reached XP level 3. HP: 33/33 MP: 2/2
  1602 | D:2      | Reached XP level 4. HP: 40/40 MP: 3/3
  1607 | D:2      | Reached skill level 1 in Dodging
  2230 | D:3      | Found a burning altar of Makhleb.
  2239 | D:3      | Found a radiant altar of Vehumet.
  2779 | D:4      | Reached XP level 5. HP: 24/46 MP: 4/4
  2843 | D:4      | Found an opulent altar of Gozag.
  3095 | D:4      | Reached skill level 5 in Shields
  3275 | D:4      | Found a basalt altar of Yredelemnul.
  3417 | D:4      | Found a burning altar of Makhleb.
  3419 | D:4      | Noticed an Executioner
  3423 | D:4      | Noticed an orange demon
  3423 | D:4      | Noticed a neqoxec
  3434 | D:5      | Entered Level 5 of the Dungeon
  3492 | D:5      | Found a blossoming altar of Fedhas.
  3500 | D:5      | Noticed an ogre
  3506 | D:5      | Killed an ogre
  3506 | D:5      | Reached XP level 6. HP: 13/53 MP: 5/5
  3516 | D:5      | Reached skill level 5 in Armour
  3644 | D:5      | Noticed Eustachio
  3656 | D:5      | Killed Eustachio
  3656 | D:5      | Reached XP level 7. HP: 45/60 MP: 6/6
  3699 | D:5      | Noticed Edmund
  3711 | D:5      | Killed Edmund
  3711 | D:5      | Reached skill level 5 in Fighting
  3711 | D:5      | Reached skill level 5 in Axes
  3741 | D:5      | Noticed dracos369's ghost (amateur HEAE)
  3767 | D:5      | Killed dracos369's ghost
  3767 | D:5      | Reached skill level 6 in Shields
  3878 | D:5      | Noticed Grinder
  3882 | D:5      | Reached XP level 8. HP: 64/70 MP: 7/7
  3891 | D:5      | Paralysed by Grinder for 6 turns
  3900 | D:5      | Killed Grinder
  4048 | D:5      | Found an ancient bone altar of Kikubaaqudgha.
  4064 | D:5      | Reached skill level 7 in Shields
  4422 | D:6      | Found a shadowy altar of Dithmenos.
  4636 | D:6      | Found a staircase to the Ecumenical Temple.
  4645 | Temple   | Entered the Ecumenical Temple
  4656 | Temple   | Became a worshipper of Warmaster Okawaru
  4835 | D:6      | Reached skill level 5 in Dodging
  4961 | D:6      | You fall through a shaft!
  4967 | D:7      | Reached XP level 9. HP: 71/78 MP: 8/8
  5043 | D:7      | Reached skill level 8 in Shields
  5178 | D:7      | Reached * piety under Okawaru
  5947 | D:8      | Noticed Erica
  5947 | D:8      | Noticed Pikel
  5962 | D:7      | Reached ** piety under Okawaru
  5962 | D:7      | Reached skill level 9 in Shields
  6036 | D:7      | Killed Pikel
  6060 | D:7      | Reached *** piety under Okawaru
  6083 | D:8      | Reached XP level 10. HP: 84/87 MP: 9/9
  6099 | D:8      | Killed Erica
  6164 | D:8      | Noticed an oklob plant
  6175 | D:8      | Reached **** piety under Okawaru
  6332 | D:8      | Reached skill level 10 in Shields
  6482 | D:8      | Found Fihi's Assorted Antiques.
  6510 | D:8      | Found a shattered altar of Ashenzari.
  6526 | D:8      | Bought an opal ring for 145 gold pieces
  6625 | D:9      | Found a sparkling altar of Nemelex Xobeh.
  6798 | D:9      | Noticed a cyclops
  6836 | D:9      | Received a gift from Okawaru
  7043 | D:9      | Got a fine steel ring
  7077 | D:9      | Identified the ring of Xilyas {rC- rN+ Dex+6} (You took it off a gnoll on level 9 of the Dungeon)
  7398 | D:9      | Killed a cyclops
  7398 | D:9      | Reached ***** piety under Okawaru
  7398 | D:9      | Reached skill level 11 in Shields
  7475 | D:10     | Entered Level 10 of the Dungeon
  7555 | D:10     | Noticed an unseen horror
  7563 | D:10     | Killed an unseen horror
  7563 | D:10     | Reached XP level 11. HP: 58/96 MP: 10/10
  7895 | D:10     | Noticed a hill giant
  7901 | D:10     | Killed a hill giant
  8132 | D:10     | Found a staircase to the Lair.
  8138 | D:10     | Received a gift from Okawaru
  8141 | D:10     | Got a pitted battleaxe {god gift}
  8157 | D:10     | Identified the +3 battleaxe of Hiutroecu {chop, rN++} (Okawaru gifted it to you on level 10 of the Dungeon)
  8166 | Lair:1   | Entered Level 1 of the Lair of Beasts
  8223 | Lair:1   | Noticed Urug
  8640 | D:11     | Noticed a red ugly thing
  8674 | D:11     | Found an oddly glowing altar of Pakellas.
  8675 | D:11     | Found a labyrinth entrance.
  8688 | Lab      | Entered a labyrinth
 11751 | Lab      | Noticed a minotaur
 11762 | Lab      | Killed a minotaur
 11762 | Lab      | Reached skill level 1 in Stealth
 11764 | Lab      | Got a faintly glowing jade ring
 11782 | Lab      | Identified the ring of Jablaoly {rPois SInv} (You found it in a labyrinth)
 12042 | D:11     | Noticed a brown ugly thing
 12180 | D:12     | Noticed Nessos
 12241 | D:11     | Killed a red ugly thing
 12241 | D:11     | Received a gift from Okawaru
 12241 | D:11     | Reached skill level 10 in Axes
 12241 | D:11     | Reached skill level 1 in Evocations
 12282 | D:11     | Killed a brown ugly thing
 12468 | D:11     | Reached skill level 10 in Fighting
 12506 | D:11     | Reached skill level 12 in Shields
 12530 | D:11     | Got a pair of translucent boots
 12531 | D:11     | Identified the cursed +0 pair of boots of Refuge {rC+ MR- Str+3} (You found it on level 11 of the Dungeon)
 13403 | D:11     | Noticed an unseen horror
 13416 | D:11     | Killed an unseen horror
 13428 | D:11     | Reached skill level 10 in Armour
 13428 | D:11     | Reached XP level 12. HP: 97/107 MP: 12/12
 13502 | D:11     | Killed Nessos
 13725 | D:12     | Noticed an eight-headed hydra
 13756 | D:12     | Killed an eight-headed hydra
 13756 | D:12     | Reached skill level 10 in Dodging
 13891 | D:12     | Got a crude great sword
 13892 | D:12     | Identified the +4 great sword of Fee Simple {slice, MR+ Str+4} (You found it on level 12 of the Dungeon)
 13933 | D:12     | Found a staircase to the Orcish Mines.
 13976 | D:12     | Found Mutyguno's Gadget Shoppe.
 14430 | D:13     | Received a gift from Okawaru
 14460 | D:13     | Reached ****** piety under Okawaru
 14521 | D:13     | Noticed a seven-headed hydra
 14533 | D:13     | Killed a seven-headed hydra
 14634 | D:13     | Reached skill level 13 in Shields
 14666 | D:13     | Gained mutation: You have very sharp teeth. [potion of beneficial mutation]
 14675 | D:13     | Found a gate to the Vaults.
 14695 | D:13     | Noticed Donald
 14932 | D:13     | Reached XP level 13. HP: 113/116 MP: 15/15
 14966 | D:13     | Found Urhocam's Antique Weapon Boutique.
 15300 | D:13     | Killed Donald
 15300 | D:13     | Received a gift from Okawaru
 15350 | D:13     | Reached skill level 5 in Evocations
 15610 | D:13     | Found Miutiug's Distillery.
 15613 | D:13     | Bought a potion of beneficial mutation for 385 gold pieces
 15617 | D:13     | Gained mutation: You have a pair of large horns on your head. [potion of beneficial mutation]
 15657 | Orc:1    | Entered Level 1 of the Orcish Mines
 15657 | Orc:1    | Noticed a stone giant
 16164 | D:15     | Entered Level 15 of the Dungeon
 16196 | D:15     | Noticed a vault guard
 16219 | D:15     | Killed a vault guard
 16234 | D:15     | Paralysed by a giant eyeball for 3 turns
 16283 | D:15     | Noticed a vault guard
 16321 | D:14     | Killed a vault guard
 16563 | D:15     | Found Dexkov's Distillery.
 16613 | D:15     | Found a staircase to the Depths.
 16684 | D:15     | Paralysed by a great orb of eyes for 3 turns
 16696 | D:15     | Received a gift from Okawaru
 16697 | D:15     | Got an ichor-stained plate armour {god gift}
 16698 | D:15     | Noticed a vault guard
 16772 | D:14     | Identified the +0 plate armour of Intuition {rN+ MR- Str+4} (Okawaru gifted it to you on level 15 of the Dungeon)
 16793 | D:15     | Noticed Kirke
 17079 | D:15     | Reached XP level 14. HP: 118/127 MP: 17/17
 17129 | D:15     | Found Emeix's Magic Scroll Shoppe.
 17353 | D:15     | Reached skill level 14 in Shields
 17645 | D:15     | Got a wavering iron ring
 17648 | D:15     | Identified the cursed ring "Qieheats" {rC+ EV-3} (You found it on level 15 of the Dungeon)
 17691 | D:15     | Found Dasesawk's Book Shop.
 18039 | D:15     | Killed Kirke
 18072 | D:15     | Cast into level 2 of the Abyss (spriggan rider)
 18498 | Abyss:2  | Noticed a starcursed mass
 18513 | Abyss:2  | Noticed a starcursed mass
 18625 | Abyss:2  | Noticed a starcursed mass
 18640 | Abyss:2  | Noticed a tentacled starspawn
 18663 | Abyss:2  | Noticed a tentacled starspawn
 18665 | Abyss:2  | Paralysed by accursed screaming for 1 turns
 18944 | Abyss:2  | Found a roughly hewn altar of Beogh.
 18958 | Abyss:2  | Gained mutation: You are very weak. (Str -4) [a neqoxec]
 18977 | Abyss:2  | Noticed a tentacled starspawn
 18995 | Abyss:2  | Killed a tentacled starspawn
 19028 | Abyss:2  | Received a gift from Okawaru
 19032 | Abyss:2  | Got an ancient chain mail {god gift}
 19094 | Abyss:2  | Noticed a starcursed mass
 19103 | Abyss:2  | Paralysed by accursed screaming for 1 turns
 19111 | Abyss:2  | Paralysed by accursed screaming for 1 turns
 19176 | Abyss:3  | Identified the +4 chain mail "Xetymoch" {rCorr Str+2} (Okawaru gifted it to you on level 2 of the Abyss)
 19181 | Abyss:3  | Noticed a starcursed mass
 19202 | Abyss:3  | Noticed a tentacled starspawn
 19255 | Abyss:3  | Noticed a bone dragon
 19258 | Abyss:4  | Found a sparkling altar of Nemelex Xobeh.
 19381 | Abyss:4  | Noticed a daeva
 19737 | Abyss:4  | Gained mutation: You expend magic power (3 MP) to strengthen your wands. [a neqoxec]
 19752 | Abyss:4  | Noticed a Hell Sentinel
 19940 | Abyss:4  | Noticed a reaper
 19974 | Abyss:4  | Noticed a starcursed mass
 20002 | Abyss:4  | Paralysed by accursed screaming for 1 turns
 20123 | Abyss:4  | Slain by a spatial maelstrom

Skill      XL: |  1  2  3  4  5  6  7  8  9 10 11 12 13 14 |
---------------+-------------------------------------------+-----
Shields        | 4 5 6 7 9 11 12 13 14 | 14.8
Axes           | 3 4 5 6 8 9 10 11 12 13 | 13.6
Fighting       | 4 5 6 7 9 10 11 12 13 | 13.2
Armour         | 4 5 6 7 8 10 11 12 13 | 13.2
Dodging        | 2 3 5 7 8 9 10 11 12 | 12.5
Stealth        | 1 |  1.2
Evocations     | 2 4 6 7 |  7.5

Action                   |  1- 3 |  4- 6 |  7- 9 | 10-12 | 13-15 || total
-------------------------+-------+-------+-------+-------+-------++-------
Melee: War axe           |    96 |   106 |    76 |       |       ||   278
       Headbutt          |     9 |    18 |    58 |   226 |   296 ||   607
       Hand axe          |       |       |   205 |   284 |       ||   489
       Flail             |       |       |       |   449 |   743 ||  1192
       Battleaxe         |       |       |       |    50 |       ||    50
       Bite              |       |       |       |    12 |   161 ||   173
       Unarmed           |       |       |       |       |     2 ||     2
Invok: Heroism           |       |       |       |     2 |       ||     2
Evoke: Wand              |       |       |     2 |     3 |     9 ||    14
  Use: Scroll            |       |       |       |    37 |    11 ||    48
       Potion            |       |       |       |     4 |     5 ||     9
  Eat: Chunk             |     2 |     7 |     8 |    14 |     7 ||    38
       Pizza             |       |       |       |     3 |       ||     3
       Meat ration       |       |       |       |     3 |     2 ||     5
       Royal jelly       |       |       |       |     1 |     1 ||     2
Armor: Scale mail        |    43 |    46 |   101 |   258 |    17 ||   465
       Ring mail         |       |       |       |       |    56 ||    56
       Plate armour      |       |       |       |       |   275 ||   275
Dodge: Dodged            |    35 |    41 |   113 |   432 |   411 ||  1032
Block: Shield            |    59 |    62 |   162 |   479 |   629 ||  1391
       Reflection        |       |       |       |       |    23 ||    23
